Map: Lightshade LE

Players

Reynor

  • Race: Zerg Zerg

Strange - Winner!

  • Race: Protoss Protoss
  • League: Master

Event: DreamHack SC2 Masters 2021 Summer

VOD

Have the link to the VOD?

Description

Time

  • Played on: May 23, 2021, 10:28 a.m.
  • Length: 12:11

All games in this series

Show
View Real Time Build Order
Export as new Build Order

Reynor Zerg 

Build Orders: Hatch First 

Get SALT Encoding   

  12  0:00  Drone  
  13  0:12  Overlord  
  13  0:16  Drone  
  14  0:30  Drone x2  
  16  0:48  Hatchery  
  15  0:51  Drone  
  15  0:54  Drone  
  17  0:58  Drone  
  18  1:08  Extractor  
  17  1:13  Spawning Pool  
  17  1:16  Drone  
  17  1:20  Drone  
  18  1:28  Drone  
  19  1:38  Drone  
  20  1:48  Overlord  
  20  2:00  Drone, Queen x2  
  20  2:01  Drone  
  26  2:11  Zergling x4  
  26  2:12  Metabolic Boost  
  28  2:21  Drone x2  
  30  2:34  Hatchery  
  30  2:35  Drone  
  30  2:38  Drone  
  30  2:42  Drone  
  32  2:46  Overlord  
  32  2:53  Drone  
  32  2:54  Drone  
  34  2:59  Queen  
  34  3:05  Pneumatized Carapace  
  36  3:06  Drone  
  36  3:08  Drone  
  36  3:09  Drone  
  40  3:12  Drone  
  40  3:15  Overlord  
  40  3:21  Overlord  
  40  3:22  Drone  
  40  3:26  Drone  
  42  3:28  Drone  
  43  3:36  Overlord  
  43  3:37  Queen  
  43  3:40  Drone  
  43  3:41  Drone  
  47  3:43  Drone x2  
  47  3:46  Queen  
  52  3:48  Drone  
  52  3:53  Queen  
  54  3:59  Drone x2  
  56  4:04  Drone x2  
  56  4:05  Overlord  
  56  4:07  Zergling x2  
  59  4:10  Zergling x4  
  59  4:12  Drone  
  59  4:13  Drone x2  
  59  4:16  Queen  
  66  4:19  Overlord  
  66  4:24  Drone x2  
  66  4:25  Drone x2  
  70  4:32  Queen  
  70  4:36  Drone  
  70  4:37  Spore Crawler, Overlord  
  72  4:39  Drone x3  
  73  4:48  Drone  
  73  4:52  Overlord  
  74  4:54  Spore Crawler  
  74  4:55  Drone  
  74  4:57  Drone x2  
  74  4:58  Drone, Queen  
  74  4:59  Zergling x4  
  81  5:01  Spore Crawler  
  81  5:03  Drone x2, Overlord  
  82  5:08  Lair  
  82  5:11  Drone x2  
  82  5:12  Drone x3  
  86  5:15  Drone x3  
  86  5:18  Extractor  
  86  5:19  Evolution Chamber, Overlord  
  87  5:21  Drone  
  87  5:26  Roach Warren  
  87  5:32  Overlord  
  87  5:33  Drone x3  
  87  5:34  Drone x4  
  94  5:37  Overlord  
  94  5:43  Drone x4  
  94  5:44  Drone  
  94  5:45  Overlord  
  94  5:47  Drone  
  94  5:49  Zerg Missile Weapons Level 1  
  97  5:53  Extractor x2  
  97  5:54  Extractor x2, Overlord  
  93  6:01  Spine Crawler  
  90  6:08  Roach x9  
  108  6:14  Overseer  
  108  6:18  Drone  
  108  6:20  Zergling x4, Roach  
  108  6:21  Zergling x6  
  108  6:24  Overlord  
  115  6:28  Zergling x2  
  115  6:29  Glial Reconstitution  
  115  6:31  Drone x2  
  118  6:36  Overlord  
  118  6:42  Hatchery  
  118  6:47  Drone x2  
  119  6:48  Evolution Chamber, Baneling Nest  
  119  6:49  Drone x2  
  119  6:51  Drone x2, Spore Crawler  
  119  6:52  Spore Crawler  
  119  6:53  Spore Crawler  
  119  6:54  Drone x5  
  123  6:55  Drone  
  123  6:56  Ravager x2  
  123  6:57  Ravager  
  131  7:01  Roach x2  
  131  7:04  Drone x4  
  131  7:07  Spore Crawler  
  134  7:19  Zerg Melee Weapons Level 1  
  134  7:20  Zergling x2, Roach x2  
  134  7:21  Overlord x4  
  136  7:23  Drone  
  136  7:24  Drone  
  138  7:33  Overlord  
  138  7:34  Centrifical Hooks  
  138  7:38  Overlord  
  138  7:42  Roach x2  
  138  7:43  Zergling x10, Roach  
  149  7:45  Zerg Ground Armor Level 1  
  149  7:46  Drone  
  149  7:47  Drone x2  
  149  7:49  Drone  
  153  7:55  Roach x3  
  159  8:02  Infestation Pit  
  159  8:04  Zergling x8, Roach x2  
  166  8:10  Overlord  
  165  8:14  Drone x2, Spore Crawler  
  165  8:15  Spore Crawler  
  165  8:19  Ravager x2  
  167  8:20  Zergling x6  
  167  8:21  Zergling x8  
  167  8:25  Hatchery  
  173  8:30  Drone x3  
  174  8:37  Ravager x2  
  174  8:40  Baneling x14  
  176  8:41  Hive  
  176  8:44  Zergling x20  
  186  8:58  Baneling x20  
  186  9:13  Zerg Melee Weapons Level 2  
  186  9:14  Zergling x32  
  186  9:15  Zergling x4  
  198  9:23  Baneling  
  198  9:24  Baneling x11  
  198  9:29  Extractor  
  197  9:35  Zergling x2  
  197  9:36  Zergling x4  
  200  9:43  Baneling x5  
  189  10:00  Zergling x22  
  189  10:03  Ultralisk Cavern  
  190  10:14  Zergling x40  
  178  10:20  Zergling x6, Roach  
  167  10:25  Zergling x2, Roach x3  
  166  10:33  Zergling x6, Roach x2  
  166  10:35  Queen  
  168  10:37  Zergling x4, Roach  
  168  10:40  Baneling x21  
  168  10:41  Baneling  
  168  10:42  Zergling x8  
  175  10:45  Roach  
  175  10:47  Roach  
  179  10:50  Zergling x4, Roach  
  179  10:52  Baneling x5  
  179  10:53  Zergling x10, Roach  
  187  10:58  Baneling x3  
  187  10:59  Baneling  
  187  11:01  Zergling x4, Roach  
  187  11:03  Baneling x3  
  191  11:11  Zergling x10, Roach x2  
  170  11:14  Zergling x2, Roach x2  
  170  11:17  Zergling x10  
  153  11:21  Zergling x2, Roach x2  
  153  11:22  Zergling x4, Roach  
  153  11:24  Queen x2  
  132  11:27  Roach x2  
  132  11:28  Zergling x2  
  132  11:31  Ravager x4  
  137  11:33  Queen, Zergling x2  
  137  11:35  Zergling x6  
  137  11:38  Baneling x2  
  137  11:39  Baneling x3  
  135  11:41  Zergling x4, Roach  
  135  11:43  Baneling x2  
  127  11:50  Zergling x14, Roach  
  127  11:53  Baneling x10  
Show
View Real Time Build Order
Export as new Build Order

Strange Protoss - Winner!

Build Orders: 1 Gate Expand, Phoenix Opening, Archon Immortal 

Get SALT Encoding   

  12  0:00  Probe  
  13  0:12  Probe  
  14  0:20  Pylon  
  14  0:24  Probe  
  15  0:38  Probe (Chrono Boost), Gateway  
  16  0:47  Probe (Chrono Boost), Assimilator  
  17  0:53  Probe  
  18  1:05  Probe  
  19  1:17  Probe  
  20  1:24  Nexus  
  20  1:34  Cybernetics Core  
  20  1:37  Probe  
  21  1:42  Assimilator  
  21  1:49  Probe  
  21  1:52  Pylon  
  22  2:02  Probe (Chrono Boost)  
  23  2:12  Adept  
  23  2:13  Probe (Chrono Boost)  
  26  2:18  Probe (Chrono Boost)  
  26  2:19  Stargate  
  27  2:23  Warp Gate  
  28  2:30  Probe (Chrono Boost)  
  28  2:36  Probe (Chrono Boost)  
  30  2:44  Stalker  
  30  2:45  Probe x2 (Chrono Boost)  
  30  2:50  Probe (Chrono Boost)  
  33  2:52  Probe  
  35  3:02  Probe, Gateway  
  35  3:04  Probe  
  37  3:06  Phoenix (Chrono Boost)  
  39  3:13  Pylon  
  39  3:14  Probe  
  39  3:16  Probe  
  41  3:22  Phoenix (Chrono Boost)  
  41  3:27  Probe  
  44  3:32  Assimilator  
  44  3:34  Probe, Assimilator  
  45  3:39  Probe  
  46  3:41  Phoenix (Chrono Boost)  
  46  3:46  Probe  
  46  3:47  Pylon  
  49  3:51  Probe  
  50  3:57  Phoenix (Chrono Boost)  
  50  3:58  Probe  
  53  4:03  Probe  
  53  4:05  Robotics Facility  
  53  4:08  Pylon  
  54  4:10  Probe  
  54  4:12  Sentry  
  54  4:15  Probe  
  58  4:20  Pylon  
  58  4:24  Forge  
  58  4:26  Phoenix (Chrono Boost)  
  58  4:29  Probe x2  
  62  4:34  Pylon  
  62  4:41  Probe  
  62  4:44  Probe  
  64  4:51  Gateway, Sentry x2  
  68  4:53  Gateway  
  68  4:54  Observer (Chrono Boost), Protoss Ground Weapons Level 1 (Chrono Boost), Pylon  
  69  5:03  Pylon  
  69  5:15  Immortal (Chrono Boost)  
  69  5:16  Zealot, Sentry  
  69  5:20  Probe x2, Pylon  
  79  5:32  Probe x2  
  81  5:44  Probe x2  
  81  5:48  Sentry x2  
  81  5:49  Zealot x2  
  91  5:51  Immortal (Chrono Boost)  
  95  6:05  Robotics Bay  
  95  6:10  Nexus  
  95  6:11  Pylon  
  95  6:15  Pylon  
  95  6:18  Probe  
  95  6:23  Probe  
  95  6:24  Immortal (Chrono Boost)  
  101  6:28  Pylon  
  101  6:30  Probe, Stalker x2  
  106  6:33  Photon Cannon  
  106  6:34  Sentry  
  106  6:35  Probe  
  109  6:42  Probe  
  109  6:43  Shield Battery  
  110  6:47  Probe  
  111  6:55  Probe  
  111  6:59  Probe, Colossus (Chrono Boost)  
  119  7:07  Probe  
  119  7:08  Protoss Ground Armor Level 1 (Chrono Boost)  
  120  7:10  Twilight Council  
  120  7:11  Probe  
  120  7:14  Forge  
  121  7:16  Assimilator  
  121  7:17  Assimilator  
  121  7:21  Probe  
  122  7:26  Probe  
  122  7:29  Gateway, Extended Thermal Lance (Chrono Boost)  
  123  7:32  Gateway  
  123  7:34  Photon Cannon  
  123  7:47  Charge  
  123  7:49  Protoss Ground Weapons Level 2 (Chrono Boost)  
  123  7:53  Photon Cannon  
  123  7:54  Gateway  
  123  7:56  Gateway  
  123  7:57  Colossus (Chrono Boost)  
  123  7:58  Pylon  
  123  7:59  Pylon  
  128  8:19  Gateway  
  128  8:21  Gateway  
  128  8:23  Templar Archives  
  128  8:26  Pylon  
  128  8:27  Pylon  
  128  8:33  Probe x2  
  130  8:42  Pylon  
  130  8:44  Immortal  
  134  8:48  Nexus  
  134  8:49  Pylon  
  134  8:58  Gateway  
  134  9:01  Gateway  
  134  9:04  High Templar x5  
  134  9:08  Zealot x3  
  150  9:18  Archon x2  
  150  9:19  Photon Cannon  
  150  9:20  High Templar, Zealot  
  150  9:21  Shield Battery, Protoss Ground Armor Level 2 (Chrono Boost)  
  154  9:25  Pylon  
  154  9:29  Warp Prism (Chrono Boost)  
  154  9:30  Zealot x2  
  154  9:31  Zealot  
  160  9:36  Archon  
  162  9:41  High Templar x2  
  162  9:42  Zealot x3  
  162  9:45  Archon  
  172  9:54  Zealot  
  172  9:55  Protoss Shields Level 1 (Chrono Boost), Zealot x2  
  172  9:58  Immortal  
  168  10:03  Zealot x2  
  154  10:14  Zealot x4  
  136  10:22  High Templar x2  
  136  10:23  Zealot x4  
  136  10:27  Archon  
  142  10:42  High Templar x2, Zealot  
  146  10:43  Zealot x6  
  146  10:46  Archon  
  156  10:52  Zealot  
  158  11:04  Zealot x4  
  158  11:05  Zealot x3  
  124  11:19  Zealot x5  
  116  11:37  High Templar x4  
  116  11:38  High Templar  
  126  11:40  High Templar  
  126  11:41  Archon, Zealot x4  
  126  11:42  Archon  
  126  11:44  Zealot x2  
  126  11:45  Archon  
  134  12:04  Zealot  
  134  12:05  Zealot x6  
Tags
 
Add a new tag
Caveats
  • Supply blocks, unpowered buildings, or Contaminate may cause inaccurate times.
  • Supply counts are checked every 10 seconds.